AoeStats
← Gorlami

Arena

507792722Analyzed
4v4 RM · 11d ago on Sep 19, 2026· 45m 4s· 8 players
Game mode
Random Map
Map size
Large (8 player)
Population
200
Speed
Normal
Resources
Standard
Victory
Conquest
Starting age
Dark Age
Ending age
Imperial Age
RankedLock teamsTeams togetherTeam positionsShared explorationLock speedFull tech treeHidden civsTurbo modeCheats
Victory
Defeat
🇫🇷 Burgundians · France
1764
+14
🇬🇧 Wu · United Kingdom
1760
+14
🇨🇳 Japanese · China
1711
+16
🇷🇺 Franks · Russia
1702
+17
🇦🇷 Koreans · Argentina
1776
-18
🇦🇷 Cumans · Argentina
1743
-16
🇦🇷 Malians · Argentina
1714
-15
🇦🇷 Malay · Argentina
1648
-12
Kant be real
9:21 Feudal Age
9:00 Town Watch
9:02 Double-Bit Axe
9:07 Horse Collar
17:38 Castle Age
18:21 Bow Saw
18:50 Heavy Plow
20:27 Loom
22:23 Stone Mining
25:51 Wheelbarrow
28:58 Imperial Age
26:13 Pikeman
26:53 Squires
27:02 Squires
27:59 Halberdier
29:24 Forging
30:55 Chemistry
31:21 Iron Casting
31:51 Hand Cart
31:30 Fletching
31:41 Padded Archer Armor
33:38 Crossbowman
34:23 Thumb Ring
34:18 Bodkin Arrow
34:46 Ballistics
35:15 Arbalester
36:50 Bracer
39:51 Leather Archer Armor
43:25 Ring Archer Armor
Lic. VELEZ Y VINO
9:00 Feudal Age
9:35 Double-Bit Axe
10:36 Horse Collar
19:32 Castle Age
18:41 Wheelbarrow
19:20 Scale Barding Armor
19:25 Forging
20:28 Bow Saw
21:42 Bloodlines
21:40 Scale Barding Armor
21:45 Forging
21:40 Gold Mining
21:41 Stone Mining
24:00 Gold Shaft Mining
23:50 Hand Cart
24:00 Heavy Plow
25:35 Devotion
26:33 Iron Casting
31:32 Imperial Age
29:06 Loom
29:56 Chain Barding Armor
31:53 Cavalier
33:15 Plate Barding Armor
33:41 Blast Furnace
33:49 Paladin
36:32 Conscription
37:16 Paladin
38:58 Capped Ram
MiMo
10:43 Feudal Age
14:34 Castle Age
12:42 Horse Collar
14:18 Double-Bit Axe
16:32 Bow Saw
17:27 Wheelbarrow
19:09 Light Cavalry
24:45 Gold Mining
25:33 Hand Cart
28:52 Imperial Age
27:35 Scale Barding Armor
27:40 Forging
27:56 Bloodlines
27:46 Husbandry
27:56 Bloodlines
27:49 Husbandry
29:12 Chain Barding Armor
28:57 Heavy Camel Rider
30:52 Plate Barding Armor
29:45 Cavalier
34:19 Heavy Camel Rider
36:19 Iron Casting
35:12 Man-at-Arms
35:53 Squires
35:54 Scale Mail Armor
36:03 Long Swordsman
36:44 Two-Handed Swordsman
37:27 Stone Mining
38:22 Gold Shaft Mining
40:09 Chain Mail Armor
39:50 Champion
41:58 Plate Mail Armor
42:52 Fletching
43:25 Ballistics
44:26 Conscription
Gorlami
11:08 Feudal Age
15:20 Castle Age
14:34 Loom
16:03 Double-Bit Axe
16:13 Fletching
18:24 Bow Saw
19:54 Bodkin Arrow
20:18 Horse Collar
29:32 Imperial Age
30:58 Bracer
38:09 Ballistics
40:33 Eupseong
41:51 Forging
43:17 Chemistry
Fresh To Death
11:02 Feudal Age
11:41 Double-Bit Axe
14:33 Castle Age
15:31 Bow Saw
20:32 Wheelbarrow
23:33 Gold Mining
26:41 Imperial Age
24:40 Hand Cart
25:02 Loom
25:32 Husbandry
25:38 Scale Barding Armor
26:55 Gold Shaft Mining
26:56 Chain Barding Armor
27:04 Town Watch
27:53 Conscription
27:19 Cavalier
28:36 Plate Barding Armor
28:12 Forging
29:35 Iron Casting
30:08 Iron Casting
29:31 Paladin
30:17 Chivalry
33:13 Blast Furnace
32:49 Fletching
33:20 Ballistics
34:26 Bodkin Arrow
35:33 Chemistry
34:57 Scale Mail Armor
34:59 Squires
34:44 Arson
35:17 Caravan
36:09 Chain Mail Armor
37:41 #83
36:41 Elite Throwing Axeman
36:57 Elite Throwing Axeman
38:15 Plate Mail Armor
38:51 Hoardings
38:28 Masonry
40:24 Architecture
39:49 Murder Holes
39:56 Herbal Medicine
41:25 Siege Engineers
回忆里太多好
10:45 Feudal Age
14:28 Castle Age
12:59 Double-Bit Axe
12:55 Horse Collar
15:26 Bow Saw
15:18 Heavy Plow
22:57 Wheelbarrow
22:16 Loom
22:43 Town Watch
23:42 Fletching
29:30 Gold Mining
29:31 Stone Mining
29:50 Scale Mail Armor
30:01 Forging
30:48 Gold Shaft Mining
34:02 Imperial Age
31:38 Squires
32:35 Hand Cart
31:47 Pikeman
33:22 Chain Mail Armor
33:42 Iron Casting
33:16 Guard Tower
33:06 Treadmill Crane
33:46 Ballistics
34:05 Halberdier
35:18 Plate Mail Armor
35:10 Conscription
34:52 Yasama
35:08 Masonry
35:58 Chemistry
37:28 Keep
38:58 Blast Furnace
37:54 Bodkin Arrow
38:06 Siege Engineers
37:46 Arrowslits
39:48 Two-Man Saw
39:24 Kataparuto
40:17 Elite Samurai
41:01 Bracer
41:03 Padded Archer Armor
41:22 Arson
41:52 Man-at-Arms
42:18 Gambesons
42:30 Long Swordsman
44:25 Coinage
43:19 Two-Handed Swordsman
44:26 Caravan
44:09 Champion
AOKI_Totor
10:49 Feudal Age
9:17 Loom
9:44 Double-Bit Axe
15:11 Castle Age
13:49 Horse Collar
14:02 Stone Mining
16:09 Bow Saw
18:19 Loom
18:35 Gold Mining
22:57 Wheelbarrow
23:45 Scale Barding Armor
25:33 Hand Cart
26:21 Two-Man Saw
26:08 Chain Barding Armor
26:27 Forging
26:51 Heavy Plow
29:07 Iron Casting
28:26 Town Watch
29:11 Fletching
30:18 Masonry
31:00 Fortified Wall
32:37 Squires
32:45 Scale Mail Armor
37:39 Imperial Age
35:36 Arson
36:37 Gold Shaft Mining
38:04 Pikeman
39:10 Chain Mail Armor
39:56 Blast Furnace
38:42 Elite Skirmisher
39:53 Ballistics
40:10 Bodkin Arrow
40:16 Padded Archer Armor
42:04 Chemistry
42:23 Bracer
Torpedo
12:14 Feudal Age
13:33 Double-Bit Axe
16:07 Castle Age
14:17 Gold Mining
14:33 Horse Collar
15:01 Stone Mining
16:26 Fletching
16:45 Loom
17:26 Bow Saw
17:17 Heavy Plow
19:52 Wheelbarrow
20:54 Bodkin Arrow
22:18 Padded Archer Armor
23:08 Town Watch
31:09 Imperial Age
29:16 Hand Cart
29:58 Gold Shaft Mining
30:31 Stone Shaft Mining
30:37 Leather Archer Armor
31:57 Ballistics
32:45 Bracer
33:46 Chemistry
33:56 Conscription
34:05 Red Cliffs Tactics
34:31 Conscription
34:16 Red Cliffs Tactics
38:24 Two-Man Saw
37:27 Elite Fire Archer
40:37 Caravan
40:48 Guilds
40:58 Sitting Tiger
43:10 Masonry
42:40 Treadmill Crane
Connection lost

Rejoining the realm…

Still unreachable

The connection could not be restored.

Session expired

The server has moved on; the page needs a fresh start.